 Dungeon Crawl Stone Soup version 0.28-a0-957-g42eb19b844 (webtiles) character file.

Game seed: 11148868366571376980

697036 ThreePoint314 the Conqueror (level 27, -4/273 HPs)
             Began as a Hill Orc Fighter on Nov 30, 2021.
             Was the Champion of the Shining One.
             Killed from afar by a wendigo (50 damage)
             ... with a seracfall
             ... on level 3 of Cocytus.
             The game lasted 02:47:30 (53498 turns).

ThreePoint314 the Conqueror (Hill Orc Fighter)     Turns: 53498, Time: 02:47:31

Health: -4/273     AC: 41    Str: 32 (35) XL:     27
Magic:  32/37      EV: 15    Int:  6 (8)  God:    the Shining One [******]
Gold:   4458       SH: 45    Dex: 12      Spells: 26/26 levels left

rFire   + . .      SeeInvis +   a - +8 mithril axe "Arga" {speed, Will+}
rCold   + + +      Faith    .   X - +10 tower shield of Ignorance {rN+ Int-4}
rNeg    + + +      Spirit   .   V - +2 gold dragon scales
rPois   +          Reflect  .   U - +2 helmet {SInv}
rElec   +          Harm     .   S - +2 cloak {rCorr}
rCorr   +          Rampage  .   L - +0 pair of gloves "Sacorch" {Regen+ Str+2 SInv}
Will    +++++      Clarity  +   q - +1 pair of boots of Lilacs {rN+ Int+2}
Stlth   ..........              s - amulet of the Four Winds {rN+ Will+++ Clar}
HPRegen 1.35/turn               y - ring "Uredain" {Ice rElec}
MPRegen 0.25/turn               v - ring of Pauron Josus {rF+ rC+}

@: divinely shielded, glowing, frozen potions, very slow
A: claws 1, hooves 1, berserk 1, high mp 1, poison resistance, strong 2
}: 6/15 runes: decaying, serpentine, slimy, silver, obsidian, abyssal
a: Renounce Religion, Divine Shield, Cleansing Flame, Summon Divine Warrior


You were on level 3 of Cocytus.
You worshipped the Shining One.
The Shining One was exalted by your worship.
You visited 13 branches of the dungeon, and saw 60 of its levels.
You visited the Abyss 2 times.
You visited 1 bazaar.
You also visited: Ossuary, Bailey and Wizlab.

You collected 9376 gold pieces.
You spent 4918 gold pieces at shops.

Inventory:

Hand Weapons
 a - the +8 mithril axe "Arga" (weapon) {speed, Will+}
   (You acquired it in a bailey)

   Attacks with this weapon are significantly faster.
   Will:      It increases your willpower.
 b - a +9 broad axe of holy wrath
 c - a +2 scimitar of flaming
Missiles
 Q - 2 throwing nets (quivered)
Armour
 q - the +1 pair of boots of Lilacs (worn) {rN+ Int+2}
   (You found it on level 2 of the Vaults)

   Int:       It affects your intelligence (+2).
   rN:        It protects you from negative energy.
 L - the +0 pair of gloves "Sacorch" (worn) {Regen+ Str+2 SInv}
   (You found it in a wizard's laboratory)

   Str:       It affects your strength (+2).
   SInv:      It lets you see invisible.
   Regen:     It increases your rate of health regeneration.
 S - a +2 cloak of preservation (worn)
 U - a +2 helmet of see invisible (worn)
 V - +2 gold dragon scales (worn)
 X - the +10 tower shield of Ignorance (worn) {rN+ Int-4}
   (You acquired it on level 2 of the Vaults)

   Int:       It affects your intelligence (-4).
   rN:        It protects you from negative energy.
Jewellery
 e - the ring of Podeujie {rF+++ rN+ Str+6 Int-4 Stlth+}
   (You acquired it in a bailey)

   [ring of strength]

   Str:       It affects your strength (+6).
   Int:       It affects your intelligence (-4).
   rF:        It renders you almost immune to fire.
   rN:        It protects you from negative energy.
   Stlth:     It makes you more stealthy.
 s - the amulet of the Four Winds (around neck) {rN+ Will+++ Clar}
   (You found it on level 5 of the Vaults)

   [amulet of nothing]

   rN:        It protects you from negative energy.
   Clar:      It protects you against confusion.
   Will:      It greatly increases your willpower.
 v - the ring of Pauron Josus (right hand) {rF+ rC+}
   (You found it on level 7 of Gehenna)

   [ring of protection from cold]

   rF:        It protects you from fire.
   rC:        It protects you from cold.
 y - the ring "Uredain" (left hand) {Ice rElec}
   (You bought it in a shop on level 4 of the Snake Pit)

   [ring of ice]

   It enhances your ice magic.
   rF:        It makes you vulnerable to fire.
   rC:        It protects you from cold.
   rElec:     It insulates you from electricity.
Wands
 d - a wand of acid (18)
 r - a wand of charming (35)
 w - a wand of paralysis (36)
 x - a wand of flame (121)
 B - a wand of iceblast (64)
 I - a wand of mindburst (75)
 M - a wand of polymorph (53)
 R - a wand of digging (15)
Scrolls
 f - 2 scrolls of holy word
 h - 13 scrolls of fear
 o - a scroll of brand weapon
 t - 16 scrolls of teleportation
 z - a scroll of enchant weapon
 C - 29 scrolls of identify
 D - 2 scrolls of summoning
 F - 6 scrolls of fog
 H - 8 scrolls of magic mapping
 J - 15 scrolls of amnesia
 K - 4 scrolls of silence
 P - 5 scrolls of blinking
 T - 4 scrolls of immolation
Potions
 g - a potion of berserk rage
 j - 7 potions of might
 k - 6 potions of flight
 l - 10 potions of ambrosia
 n - 12 potions of curing
 p - 9 potions of haste
 u - 3 potions of heal wounds
 A - 6 potions of brilliance
 G - 9 potions of magic
 O - 8 potions of attraction
 W - 2 potions of resistance
 Y - 4 potions of cancellation
 Z - 3 potions of mutation
Miscellaneous
 i - a phantom mirror
 m - a tin of tremorstones (2/2)
 E - a box of beasts
 N - a lightning rod (4/4)


   Skills:
 O Level 27 Fighting
 + Level 19.9 Axes
 - Level 4.3 Throwing
 + Level 26.0 Armour
 + Level 20.9 Dodging
 - Level 25.0 Shields
 - Level 14.8 Invocations
 + Level 14.9 Evocations


You had 26 spell levels left.
You didn't know any spells.
Your spell library contained the following spells:

 Spells                   Type           Power      Damage    Failure   Level
 Animate Skeleton         Necr           0%         N/A       95%         1
 Apportation              Tloc           0%         N/A       95%         1
 Beastly Appendage        Tmut           0%         N/A       95%         1
 Freeze                   Ice            0%         1d3       95%         1
 Magic Dart               Conj           0%         1d3       95%         1
 Pain                     Necr           0%         1d4       95%         1
 Sandblast                Erth           0%         2d4       95%         1
 Shock                    Conj/Air       0%         1d3       95%         1
 Summon Small Mammal      Summ           0%         N/A       95%         1
 Blink                    Tloc           0%         N/A       98%         2
 Call Imp                 Summ           0%         N/A       98%         2
 Corpse Rot               Necr/Air       0%         N/A       98%         2
 Ensorcelled Hibernation  Hex/Ice        0%         N/A       98%         2
 Passwall                 Tmut/Erth      0%         N/A       98%         2
 Poisonous Vapours        Pois/Air       0%         N/A       98%         2
 Scorch                   Fire           0%         2d5       98%         2
 Searing Ray              Conj           0%         2d4       98%         2
 Static Discharge         Conj/Air       0%         N/A       98%         2
 Sublimation of Blood     Necr           0%         N/A       98%         2
 Wereblood                Tmut           0%         N/A       98%         2
 Call Canine Familiar     Summ           0%         N/A       100%        3
 Dazzling Flash           Conj/Hex       0%         N/A       100%        3
 Frozen Ramparts          Ice            0%         1d2       100%        3
 Gell's Gravitas          Tloc           0%         N/A       100%        3
 Ignite Poison            Fire/Tmut/Pois 0%         N/A       100%        3
 Inner Flame              Hex/Fire       0%         N/A       100%        3
 Lesser Beckoning         Tloc           0%         N/A       100%        3
 Mephitic Cloud           Conj/Pois/Air  0%         N/A       100%        3
 Ozocubu's Armour         Ice            0%         N/A       100%        3
 Portal Projectile        Hex/Tloc       0%         N/A       100%        3
 Stone Arrow              Conj/Erth      0%         3d7       100%        3
 Swiftness                Air            0%         N/A       100%        3
 Teleport Other           Tloc           0%         N/A       100%        3
 Tukima's Dance           Hex            0%         N/A       100%        3
 Vampiric Draining        Necr           0%         2d6       100%        3
 Airstrike                Air            0%         N/A       100%        4
 Animate Armour           Summ/Erth      0%         N/A       100%        4
 Animate Dead             Necr           0%         N/A       100%        4
 Dispel Undead            Necr           0%         3d6       100%        4
 Flame Wave               Conj/Fire      0%         2d4       100%        4
 Fulminant Prism          Conj/Hex       0%         3d6       100%        4
 Hailstorm                Conj/Ice       0%         3d3       100%        4
 Leda's Liquefaction      Hex/Erth       0%         N/A       100%        4
 Olgreb's Toxic Radiance  Pois           0%         N/A       100%        4
 Petrify                  Tmut/Erth      0%         N/A       100%        4
 Sticky Flame             Conj/Fire      0%         2d3       100%        4
 Agony                    Necr           0%         N/A       100%        5
 Alistair's Intoxication  Tmut/Pois      0%         N/A       100%        5
 Borgnjor's Vile Clutch   Necr/Erth      0%         N/A       100%        5
 Fireball                 Conj/Fire      0%         3d3       100%        5
 Freezing Cloud           Conj/Ice/Air   0%         6-21      100%        5
 Irradiate                Conj/Tmut      0%         3d13      100%        5
 Manifold Assault         Tloc           0%         N/A       100%        5
 Metabolic Englaciation   Hex/Ice        0%         N/A       100%        5
 Silence                  Hex/Air        0%         N/A       100%        5
 Summon Forest            Summ/Tloc      0%         N/A       100%        5
 Summon Mana Viper        Hex/Summ       0%         N/A       100%        5
 Conjure Ball Lightning   Conj/Air       0%         3x3d6     100%        6
 Death Channel            Necr           0%         N/A       100%        6
 Dispersal                Tloc           0%         N/A       100%        6
 Iron Shot                Conj/Erth      0%         9d1       100%        6
 Simulacrum               Ice/Necr       0%         N/A       100%        6
 Summon Cactus Giant      Summ           0%         N/A       100%        6
 Dragon Form              Tmut           0%         N/A       100%        7
 Haunt                    Necr/Summ      0%         N/A       100%        7
 Malign Gateway           Summ/Tloc      0%         N/A       100%        7
 Ozocubu's Refrigeration  Ice            0%         4d5       100%        7
 Storm Form               Tmut/Air       0%         N/A       100%        7
 Summon Hydra             Summ           0%         N/A       100%        7
 Ignition                 Fire           0%         3d3       100%        8
 Lehudib's Crystal Spear  Conj/Erth      0%         10d2      100%        8
 Summon Horrible Things   Summ           0%         N/A       100%        8
 Shatter                  Erth           0%         3d5*      100%        9


Dungeon Overview and Level Annotations

Branches:
Dungeon (15/15)            Temple (1/1) D:5            Lair (6/6) D:11
  Swamp (4/4) Lair:2        Snake (4/4) Lair:2        Slime (5/5) Lair:6
    Orc (2/2) D:10            Elf (3/3) Orc:2        Vaults (5/5) D:13
  Crypt (0/3) Vaults:3     Depths (4/4) D:15           Hell (visited)
    Dis (0/7) Hell            Geh (7/7) Hell            Coc (3/7) Hell
    Tar (0/7) Hell            Zot (0/5) Depths:4    Ossuary (visited)
 Bailey (visited)          WizLab (visited)

Altars:
Ashenzari
Cheibriados
Dithmenos
Elyvilon
Fedhas
Gozag
Hepliaklqana
Kikubaaqudgha
Makhleb
Nemelex Xobeh
Okawaru
Qazlal
Ru
Sif Muna
Trog
Uskayaw
Vehumet
Wu Jian
Xom
Yredelemnul
Zin
The Shining One
Beogh
Jiyva

Shops:
D:1 (   D:9 *   D:13 (   Orc:2 :*[(   Snake:1 [   Snake:2 *   Snake:3 =(!=
Snake:4 ::=   Vaults:2 =*?   Vaults:3 =   Depths:1 :

Portals:
Hell: Depths:1 Depths:2 Depths:3 Depths:4
Abyss: Depths:3 Depths:4
Pandemonium: Depths:1 Depths:2 Depths:3
Ziggurat: Depths:4

Annotations:
D:15 Roxanne


Innate Abilities, Weirdness & Mutations

You have sharp fingernails.
You have large cloven feet.
You tend to lose your temper in combat.
You have an increased reservoir of magic. (+10% MP)
Your system is resistant to poisons. (rPois)
Your muscles are very strong. (Str +4)


Message History

The juggernaut simulacrum is heavily damaged.
The fiery explosion engulfs you!! You resist.
* * * LOW HITPOINT WARNING * * *
The water elemental is engulfed in a cloud of scalding steam.
You block the water elemental's attack.
Your life force feels restored.
Your Armour skill increases to level 26!
Unknown command.
The golden flame engulfs you but does no damage.
The golden flame engulfs the elemental wellspring!!!
You destroy the elemental wellspring!
The water elemental disappears in a puff of smoke!
The golden flame engulfs the juggernaut simulacrum!!!
The juggernaut simulacrum writhes in agony!
The Shining One accepts your kill.
You feel better.
The juggernaut simulacrum explodes!
The fiery explosion engulfs the wendigo!!!
The wendigo is burned terribly!
Flame seeps out of the wendigo.
The wendigo is severely wounded.
The fiery explosion engulfs you!! You resist.
* * * LOW HITPOINT WARNING * * *
You are engulfed in blazing flames.
You resist.
The wendigo is engulfed in blazing flames.
Flame seeps out of the wendigo.
The tormentor calls on the powers of darkness!
Your body is wracked with pain!
* * * LOW HITPOINT WARNING * * *
The juggernaut simulacrum is engulfed in blazing flames.
Flame seeps out of the juggernaut simulacrum.
You hit the juggernaut simulacrum.
Flame seeps out of the juggernaut simulacrum.
The juggernaut simulacrum is heavily damaged.
You are engulfed in blazing flames.
You resist.
The wendigo is engulfed in a cloud of scalding steam.
Flame seeps out of the wendigo.
The wendigo gestures.
The juggernaut simulacrum collapses into a mass of ice!
The mass of ice explodes!
The seracfall engulfs you!!! You partially resist.
You die...

≈≈≈≈≈≈≈≈.≈≈≈≈≈
≈≈≈≈≈≈#≈≈≈#≈≈#≈
≈#≈≈≈≈≈≈≈≈≈≈≈≈≈
≈≈≈≈≈≈≈≈≈≈≈≈≈≈≈
≈≈≈≈R≈≈≈≈≈#≈≈≈≈
≈≈≈≈§§§§§≈≈≈≈.≈
≈≈≈§§§§§§§≈≈≈≈#
≈9≈§§§§@§§§2≈≈≈
≈≈≈§R°§§§§§§≈≈≈
≈≈≈§§.§§§#≈§≈≈≈
≈≈≈§§§§§§# ≈≈≈#
≈≈≈≈≈≈§R°§ ≈≈≈
≈≈#≈≈§≈Z§§≈ ≈≈
≈#≈≈≈≈≈≈≈§≈≈ #
≈≈#≈≈≈≈≈≈≈≈≈R
≈≈≈≈≈≈≈≈≈≈≈≈≈≈


You could see 2 wendigos, a tormentor (inner flame) and a dire elephant
simulacrum (inner flame).

Vanquished Creatures
  Asmodeus (Geh:7)
  the Royal Jelly (Slime:5)
  2 ancient liches
  A dread lich (Vaults:5)
  Mennas (Depths:4)
  2 juggernauts (Coc:1)
  Boris (twice) (Vaults:4 Depths:3)
  4 caustic shrikes
  8 shard shrikes
  Geryon (Hell)
  4 golden dragons
  3 bone dragons
  Nikola (Swamp:3)
  3 doom hounds (Hell)
  3 Tzitzimimeh (Hell)
  7 Brimstone Fiends
  7 hellephants
  3 tentacled monstrosities (Vaults:5)
  4 tainted leviathans (Coc:1)
  2 Ice Fiends (Coc:2)
  A walking earthen tome (Depths:1)
  Asterion (Snake:4)
  A moon troll (WizLab)
  14 searing wretches
  A shard shrike skeleton (Abyss:3)
  Rupert (D:15)
  4 deep elf blademasters
  7 liches
  A walking divine tome (Depths:1)
  Frances (Elf:1)
  4 quicksilver dragons
  2 deep elf master archers (Elf:3)
  A walking frostbound tome (Depths:1)
  17 acid blobs
  10 titans
  A sphinx (shapeshifter) (Vaults:5)
  An Executioner (Abyss:5)
  12 tentacled starspawn
  A thorn hunter (Abyss:5)
  Kirke (D:14)
  9 sphinxes
  5 storm dragons
  2 shadow dragons (Vaults:5)
  7 tengu reavers
  2 daevas
  3 nagarajas (Snake:4)
  12 azure jellies
  A revenant (Vaults:3)
  9 rockslimes
  A fenstrider witch (Swamp:4)
  16 frost giants
  12 vault wardens
  3 narguns
  17 fire giants
  3 orc warlords
  7 deep elf sorcerers
  An iron dragon (Vaults:5)
  Aizul (Snake:2)
  The ghost of Hipnos the Sorcerer, a journeyman DEIE of Vehumet (D:14)
  23 balrugs
  A draconian stormcaller (Depths:4)
  3 cacodemons
  5 reapers (Hell)
  A draconian annihilator (Depths:4)
  11 quicksilver oozes
  6 deep elf elementalists (Elf:3)
  21 ironbound preservers
  2 ghouls
  2 grey draconians (Depths:4)
  37 very ugly things
  4 war gargoyles
  21 stone giants
  3 vampire knights
  2 green draconians (Depths:4)
  2 black draconians (Depths:4)
  5 elemental wellsprings
  5 dire elephants
  99 slime creatures
  5 bunyips
  2 entropy weavers
  5 deep elf annihilators (Elf:3)
  6 spark wasps
  6 deep elf demonologists
  Nessos (D:15)
  2 white draconians (Depths:4)
  Azrael (D:12)
  3 putrid mouths (Hell)
  3 crystal guardians
  An iron golem (Hell)
  Snorg (D:13)
  3 wendigos (Coc:3)
  4 eleionomae
  2 shambling mangroves
  4 blizzard demons
  7 deep elf death magi
  7 ettins
  Josephine (D:11)
  A merfolk javelineer (Depths:1)
  12 fire dragons
  6 deep elf high priests
  13 yaktaur captains
  A green death (Depths:4)
  13 great orbs of eyes
  29 vault guards
  6 ironbound thunderhulks
  13 naga warriors
  A ghost crab (Swamp:4)
  7 ice dragons
  9 boulder beetles
  5 juggernaut simulacra
  16 salamander tyrants
  2 peacekeepers
  8 rakshasas
  13 anacondas
  3 catoblepae (Lair:6)
  2 caustic shrike simulacra
  18 hydras
  4 ogre magi
  Harold (D:8)
  11 centaur warriors
  11 alligators
  A death knight (D:15)
  8 ironbound frosthearts
  26 dancing weapons
  6 stokers
  6 shock serpents
  18 thrashing horrors
  6 two-headed ogres
  A tengu warrior (Depths:1)
  13 death yaks
  12 deep troll earth magi
  2 deep troll shamans
  41 hell hogs
  8 naga sharpshooters
  4 orc high priests
  6 sun demons
  Urug (D:13)
  Nergalle (Lair:3)
  2 spriggan berserkers
  3 soul eaters
  13 hell knights
  A fire crab (shapeshifter) (D:13)
  16 deep elf knights
  3 cherubim (Depths:2)
  5 wretched stars
  7 salamander mystics
  11 spriggans
  4 iron trolls
  5 sixfirhies
  3 goliath frogs
  3 skeletal warriors (D:15)
  3 flayed ghosts
  A death drake (Swamp:3)
  3 sea snakes (Snake:1)
  2 shadow wraiths
  6 spriggan druids
  4 spatial maelstroms
  72 deep trolls
  5 bog bodies
  An obsidian statue (Depths:4)
  3 phantasmal warriors
  6 naga ritualists
  An orange crystal statue (WizLab)
  A bunyip skeleton (Hell)
  11 swamp dragons
  7 wizards
  10 deep elf archers
  10 glowing orange brains
  A harpy (shapeshifter) (D:14)
  21 ironbound convokers
  12 orc knights
  13 large abominations
  8 necromancers
  A lindwurm (shapeshifter) (Vaults:4)
  10 lindwurms
  A wolf spider (shapeshifter) (Depths:1)
  29 deep elf zephyrmancers
  4 will-o-the-wisps
  4 cyclopes
  3 manticores
  34 deep elf pyromancers
  9 orc sorcerers
  5 worldbinders (Abyss:5)
  9 mana vipers
  6 shining eyes
  41 ugly things
  A shadow dragon skeleton (Hell)
  A shining eye (shapeshifter) (Vaults:2)
  3 oklob plants
  19 elephants
  11 salamanders
  30 black mambas
  An ice statue (Hell)
  A guardian serpent (Snake:1)
  Maurice (Orc:2)
  17 vault sentinels
  A dire elephant zombie (Hell)
  6 eyes of devastation
  An apocalypse crab (Abyss:5)
  7 rust devils
  An orange demon (Abyss:5)
  5 smoke demons
  18 naga magi
  2 water nymphs (Abyss:5)
  9 molten gargoyles
  15 cane toads
  A gargoyle (D:12)
  2 centaur skeletons (D:15)
  4 unseen horrors
  A rime drake (shapeshifter) (Elf:1)
  The ghost of VincentAMV the Covert, a novice SpEn of Okawaru (D:5)
  13 komodo dragons
  43 yaktaurs
  13 hellions
  5 ancient zymes (Abyss:5)
  A komodo dragon (shapeshifter) (D:13)
  A bunyip simulacrum (Coc:2)
  2 kobold demonologists
  6 rime drakes
  A demonic crawler (Abyss:1)
  9 freezing wraiths
  5 tengu conjurers
  3 efreet
  3 ice devils
  4 tormentors
  A golden dragon simulacrum (Coc:3)
  A hellwing (Abyss:1)
  A polar bear (shapeshifter) (D:13)
  2 hydra zombies (Hell)
  2 harpy zombies
  A red devil (Depths:4)
  11 tyrant leeches
  9 meliai
  A meliai (shapeshifter) (Elf:1)
  7 trolls
  A wolf spider simulacrum (D:15)
  3 polar bears
  A queen bee (Lair:5)
  Grinder (D:4)
  11 dream sheep
  13 hornets
  31 blink frogs
  A harpy skeleton (Hell)
  6 raiju (Abyss:5)
  An alligator zombie (Hell)
  A slime creature (shapeshifter) (Depths:1)
  A centaur simulacrum (D:15)
  2 air elementals
  4 shadows
  6 redbacks
  2 ynoxinuls
  3 dire elephant simulacra (Coc:2)
  9 water elementals
  Eustachio (D:5)
  9 fire bats
  4 wyverns
  68 yaks
  Sigmund (D:3)
  8 wraiths
  A spriggan simulacrum (Hell)
  8 fire elementals
  5 basilisks
  8 chaos spawn
  16 golden eyes
  A sea snake simulacrum (Hell)
  Grum (Lair:1)
  2 alligator snapping turtle simulacra
  A hog (D:14)
  9 neqoxecs
  Menkaure (D:4)
  11 swamp worms
  4 wargs (Orc:2)
  7 vampire mosquitoes
  2 harpy simulacra
  53 nagas
  22 water moccasins
  Duvessa (D:7)
  2 hell hounds (D:12)
  A hydra simulacrum (Coc:3)
  2 sky beasts
  2 black bears
  41 orc warriors
  7 swamp drakes
  2 necrophages (Swamp:4)
  6 ogres
  An ettin simulacrum (Coc:2)
  12 wolves
  A phantom (D:5)
  A tengu (shapeshifter) (D:13)
  18 centaurs
  7 bullfrogs
  A kobold brigand (D:6)
  2 wyvern zombies
  A naga simulacrum (Coc:2)
  3 earth elementals
  A gnoll sergeant (D:6)
  A scorpion (D:6)
  A water moccasin zombie (D:4)
  4 small abominations
  Dowan (D:7)
  38 killer bees
  11 wights
  12 electric eels
  A howler monkey (D:8)
  A bullfrog zombie (D:5)
  4 centaur zombies
  Crazy Yiuf (D:3)
  2 jellies
  A crimson imp (D:12)
  23 starcursed masses
  7 hounds
  15 orc priests
  A gnoll shaman (D:9)
  3 iguanas
  Jessica (D:3)
  A bullfrog skeleton (D:4)
  29 orc wizards
  8 mummies (Ossuary)
  A howler monkey zombie (D:6)
  14 gnolls
  4 adders
  A river rat (Lair:5)
  A white imp (D:6)
  An ufetubus (D:5)
  An adder zombie (D:5)
  3 adder skeletons
  2 worms (D:2)
  5 dart slugs
  92 orcs
  8 bats
  7 endoplasms
  4 giant cockroaches
  2 gnoll zombies (Ossuary)
  15 goblins
  8 hobgoblins
  3 jackals (D:1)
  8 kobolds
  6 quokkas
  7 ball pythons
  4 frilled lizards
  A hobgoblin zombie (Ossuary)
  5 kobold zombies (Ossuary)
  3 rats
  7 briar patches (Abyss:5)
  A butterfly (Lair:1)
  3 creeping infernos
  36 fire vortices
  16 starspawn tentacles
2560 creatures vanquished.

Vanquished Creatures (collateral kills)
  Mara (Vaults:2)
  Boris (Vaults:2)
  Sojobo (Vaults:2)
  Vashnia (Snake:4)
  A caustic shrike (Depths:3)
  Xtahua (Vaults:2)
  2 doom hounds (Hell)
  2 hellephants (Geh:5)
  Jorgrun (D:15)
  Mlioglotl (Snake:2)
  A frost giant (Depths:2)
  A deep elf sorcerer (Elf:3)
  An angel (Depths:2)
  A ghoul (Swamp:4)
  A balrug (Hell)
  2 reapers (Hell)
  2 very ugly things (Depths:2)
  A war gargoyle (Hell)
  3 stone giants (Depths:2)
  2 putrid mouths (Hell)
  A deep elf demonologist (Elf:3)
  2 deep elf annihilators (Elf:3)
  A deep elf death mage (Elf:3)
  A great orb of eyes (Depths:2)
  A salamander tyrant (Geh:5)
  A rakshasa (Depths:2)
  An ogre mage (D:15)
  A naga warrior (Snake:4)
  3 anacondas (Snake:4)
  A stoker (Geh:5)
  3 hydras
  3 dancing weapons (Elf:2)
  2 deep troll earth magi (Depths:2)
  An orc high priest (Orc:2)
  A shock serpent (shapeshifter) (D:14)
  A naga sharpshooter (Snake:4)
  2 sun demons (Hell)
  3 deep elf knights (Elf:2)
  A soul eater (Hell)
  3 iron trolls
  A skeletal warrior (D:15)
  A deep troll (Depths:2)
  2 naga ritualists (Snake:4)
  An ironbound convoker (Vaults:2)
  A swamp dragon (Swamp:4)
  A lindwurm (Vaults:2)
  2 deep elf zephyrmancers (Elf:2)
  2 ugly things (D:14)
  4 deep elf pyromancers
  An ice statue (Hell)
  2 rust devils (Hell)
  3 smoke demons (Hell)
  A black mamba (Snake:4)
  3 molten gargoyles
  A sea snake zombie (Hell)
  A tormentor (Hell)
  A rime drake (Swamp:4)
  A hydra zombie (Hell)
  A red devil (Hell)
  A sea snake skeleton (Hell)
  2 water elementals (Hell)
  3 nagas (Snake:4)
  9 orc warriors
  2 swamp drakes (Swamp:4)
  3 centaurs
  3 orcs
  2 fire vortices (Geh:7)
115 creatures vanquished.

Vanquished Creatures (others)
  A searing wretch (Geh:6)
  A titan (Coc:3)
  A fire giant (Geh:5)
  A wendigo (Coc:3)
  A deep elf annihilator (Elf:3)
  A rakshasa (Depths:2)
  3 salamander tyrants
  A caustic shrike simulacrum (Coc:3)
  A juggernaut simulacrum (Coc:3)
  An ice dragon (Hell)
  2 stokers
  An ogre mage (Abyss:4)
  4 hell hogs
  2 deep elf zephyrmancers (Elf:1)
  A titan simulacrum (Coc:3)
  A hellion (Geh:5)
  A bloated husk (Swamp:2)
  A dire elephant simulacrum (Coc:3)
  A spriggan simulacrum (Coc:3)
  5 humans (D:14)
  A harpy simulacrum (Coc:3)
  A naga (Snake:4)
  A centaur (D:15)
  A briar patch (Abyss:5)
  A creeping inferno (Geh:7)
  6 demonic plants (WizLab)
  3 fire vortices
  14 foxfires
  14 fungi
  A lurking horror (Abyss:5)
  71 plants
  21 starspawn tentacles
  2 withered plants (D:14)
168 creatures vanquished.

Grand Total: 2843 creatures vanquished

Notes
Turn   | Place    | Note
-------+----------+-------------------------------------------
     0 | D:1      | ThreePoint314 the Hill Orc Fighter began the quest for the
                  | Orb.
     0 | D:1      | Reached XP level 1. HP: 19/19 MP: 1/1
   163 | D:1      | Reached XP level 2. HP: 24/27 MP: 2/2
   527 | D:1      | Reached XP level 3. HP: 33/33 MP: 3/3
   597 | D:1      | Reached skill level 4 in Fighting
   938 | D:1      | Found Cump's Antique Weapon Shop.
  1108 | D:2      | Reached XP level 4. HP: 40/40 MP: 4/4
  1390 | D:2      | Reached skill level 1 in Throwing
  1564 | D:2      | Reached XP level 5. HP: 42/46 MP: 5/5
  1652 | D:2      | Found a faded altar of an unknown god.
  1672 | D:2      | Prayed at the altar of an unknown god.
  1672 | D:2      | Became a worshipper of Xom of Chaos
  1935 | D:3      | You fall into a shaft and drop 1 floor!
  1940 | D:4      | Found a bloodstained altar of Trog.
  1965 | D:3      | Noticed Jessica
  1975 | D:3      | Killed Jessica
  2068 | D:3      | Found a runed translucent door.
  2069 | D:3      | Noticed Crazy Yiuf
  2134 | D:3      | Noticed Sigmund
  2141 | D:3      | Killed Sigmund
  2142 | D:3      | Reached skill level 5 in Axes
  2142 | D:3      | Reached XP level 6. HP: 40/55 MP: 6/6
  2320 | D:3      | Killed Crazy Yiuf
  2391 | D:4      | XOM: potion effect (heal wounds)
  2396 | D:4      | Reached skill level 5 in Fighting
  2419 | D:4      | Noticed a black bear
  2419 | D:4      | XOM: 3-stop teleportation journey
  2429 | D:4      | Killed a black bear
  2430 | D:4      | Reached XP level 7. HP: 48/61 MP: 7/7
  2468 | D:4      | Noticed Menkaure
  2469 | D:4      | XOM: swap monsters
  2472 | D:4      | XOM: chaos upgrade
  2473 | D:4      | XOM: torment (21/61 hp)
  2479 | D:4      | HP: 3/61 [goblin (4)]
  2480 | D:4      | Killed Menkaure
  2481 | D:4      | Reached skill level 5 in Armour
  2645 | D:4      | XOM: give mutations
  2645 | D:4      | Gained mutation: Your body sometimes deteriorates upon
                  | taking damage. [Xom's mischief]
  2645 | D:4      | Gained mutation: Your body often deteriorates upon taking
                  | damage. [Xom's mischief]
  2645 | D:4      | Gained mutation: You occasionally shout uncontrollably at
                  | your foes. [Xom's mischief]
  2678 | D:4      | Noticed Grinder
  2698 | D:4      | Killed Grinder
  2699 | D:4      | Reached skill level 1 in Evocations
  2876 | D:4      | Reached XP level 8. HP: 70/70 MP: 8/8
  3181 | D:4      | Identified the +9 long sword of Premature Burial {freeze,
                  | rPois rC+ Stlth+}
  3196 | D:4      | XOM: give mutation
  3196 | D:4      | Gained mutation: You are partially covered in large bone
                  | plates. (SH +4) [Xom's grace]
  3385 | D:5      | Entered Level 5 of the Dungeon
  3519 | D:5      | Noticed VincentAMV's ghost (novice SpEn)
  3522 | D:5      | Found a runed translucent door.
  3552 | D:5      | Found a staircase to the Ecumenical Temple.
  3552 | D:5      | Noticed Eustachio
  3562 | D:5      | XOM: enchant monster (bad)
  3568 | D:5      | Killed Eustachio
  3569 | D:5      | Reached skill level 6 in Fighting
  3632 | Temple   | Entered the Ecumenical Temple
  3695 | Temple   | Fell from the grace of Xom
  3695 | Temple   | Became a worshipper of the Shining One
  3794 | D:5      | XOM: confuse monster(s)
  3932 | D:5      | Noticed a shadow
  3944 | D:5      | Killed a shadow
  3951 | D:5      | XOM: summons 3 hostile shadow creatures
  4062 | D:5      | Noticed a shadow
  4072 | D:5      | Reached XP level 9. HP: 74/78 MP: 9/9
  4288 | D:5      | Killed VincentAMV's ghost
  4288 | D:5      | Reached * piety under the Shining One
  4289 | D:5      | Reached skill level 7 in Fighting
  4393 | D:6      | Found a sand-covered staircase.
  4399 | Ossuary  | Entered an ossuary
  4412 | Ossuary  | Reached ** piety under the Shining One
  4414 | Ossuary  | Reached skill level 10 in Axes
  4659 | D:6      | XOM: god gift: wand of mindburst (18)
  4699 | D:6      | Reached skill level 1 in Invocations
  4977 | D:6      | Reached skill level 5 in Shields
  5187 | D:6      | XOM: give mutation
  5187 | D:6      | Lost mutation: You are partially covered in large bone
                  | plates. (SH +4) [Xom's mischief]
  5385 | D:7      | Found a shimmering altar of Xom.
  5386 | D:7      | Found a hazy altar of Hepliaklqana.
  5387 | D:7      | Noticed a spectral ugly thing
  5392 | D:7      | XOM: noise
  5440 | D:7      | Noticed Dowan
  5440 | D:7      | Noticed Duvessa
  5502 | D:7      | Killed Duvessa
  5517 | D:7      | Killed Dowan
  5563 | D:7      | Reached XP level 10. HP: 55/88 MP: 11/11
  5615 | D:7      | Reached skill level 5 in Evocations
  5785 | D:7      | Found a sparkling altar of Nemelex Xobeh.
  5790 | D:7      | Found a blossoming altar of Fedhas.
  5790 | D:7      | Found a shadowy altar of Dithmenos.
  5790 | D:7      | Found an ancient bone altar of Kikubaaqudgha.
  5793 | D:7      | Found an ornate altar of the Wu Jian Council.
  5793 | D:7      | Found a broken altar of Ashenzari.
  6124 | D:8      | Found a flagged portal.
  6136 | Bailey   | Entered a bailey
  6200 | Bailey   | Found an iron altar of Okawaru.
  6200 | Bailey   | Noticed an orc sorcerer
  6200 | Bailey   | Noticed a kobold demonologist
  6200 | Bailey   | Reached *** piety under the Shining One
  6216 | Bailey   | Reached skill level 8 in Fighting
  6225 | Bailey   | Noticed a smoke demon
  6234 | Bailey   | Killed a kobold demonologist
  6247 | Bailey   | Killed an orc sorcerer
  6409 | Bailey   | Noticed an orc knight
  6421 | Bailey   | Killed an orc knight
  6497 | Bailey   | Acquired the ring of Podeujie {rF+++ rN+ Str+6 Int-4
                  | Stlth+}
  6500 | Bailey   | Acquired the +8 mithril axe "Arga" {speed, Will+}
  6500 | Bailey   | Found the +8 mithril axe "Arga" {speed, Will+}
  6661 | Bailey   | Identified the +10 spear "Vaarphasa" {flame, rPois Dex+2
                  | SInv Stlth-}
  6710 | Bailey   | XOM: chaos upgrade
  6938 | D:8      | Noticed a two-headed ogre
  6944 | D:8      | Killed a two-headed ogre
  6945 | D:8      | Reached skill level 5 in Invocations
  6945 | D:8      | Reached XP level 11. HP: 77/95 MP: 14/14
  6962 | D:8      | XOM: 2-stop teleportation journey
  7171 | D:8      | Noticed Harold
  7182 | D:8      | Killed Harold
  7183 | D:8      | Reached skill level 9 in Fighting
  8066 | D:9      | Found Quiffeycw's Assorted Antiques.
  8074 | D:9      | Bought a scroll of identify for 66 gold pieces
  8173 | D:9      | Paralysed by a hornet for 1 turns
  8335 | D:10     | Entered Level 10 of the Dungeon
  8538 | D:10     | Identified the +4 long sword "Cakhuohyp" {speed, Str+2}
  8873 | D:10     | Found a staircase to the Orcish Mines.
  8879 | Orc:1    | Entered Level 1 of the Orcish Mines
  8881 | Orc:1    | Reached **** piety under the Shining One
  9034 | D:11     | Noticed a two-headed ogre
  9041 | D:11     | Killed a two-headed ogre
  9056 | D:11     | XOM: silly message
  9095 | D:11     | Noticed a cyclops
  9099 | D:11     | Killed a cyclops
  9148 | D:11     | Noticed a boulder beetle
  9153 | D:11     | Noticed a centaur warrior
  9160 | D:11     | Killed a boulder beetle
  9165 | D:11     | Reached XP level 12. HP: 96/106 MP: 14/17
  9170 | D:11     | Killed a centaur warrior
  9194 | D:11     | Noticed a boulder beetle
  9219 | D:11     | Killed a boulder beetle
  9220 | D:11     | Reached skill level 10 in Fighting
  9330 | D:11     | Noticed Josephine
  9338 | D:11     | Killed Josephine
  9485 | D:11     | Noticed a two-headed ogre
  9488 | D:11     | Killed a two-headed ogre
  9489 | D:11     | Reached skill level 1 in Dodging
  9527 | D:11     | Found a staircase to the Lair.
  9577 | D:11     | Noticed an eight-headed hydra
  9583 | D:11     | Killed a nine-headed hydra
  9819 | Lair:1   | Entered Level 1 of the Lair of Beasts
  9819 | Lair:1   | Noticed a boulder beetle
  9819 | Lair:1   | Found an ornate altar of the Wu Jian Council.
  9819 | Lair:1   | Found a hide-covered altar of Uskayaw.
  9836 | Lair:1   | Killed a boulder beetle
  9847 | Lair:1   | Reached skill level 15 in Axes
  9855 | Lair:1   | Reached skill level 10 in Evocations
  9887 | Lair:1   | Noticed a six-headed hydra
  9892 | Lair:1   | Killed a six-headed hydra
  9920 | Lair:1   | Noticed Grum
  9931 | Lair:1   | Killed Grum
 10080 | D:11     | Reached XP level 13. HP: 114/114 MP: 19/19
 10543 | D:12     | Noticed Azrael
 10550 | D:12     | Reached ***** piety under the Shining One
 10558 | D:12     | Killed Azrael
 10689 | Lair:1   | Reached skill level 10 in Armour
 10720 | Lair:1   | Found a shimmering altar of Xom.
 10837 | Lair:1   | XOM: noise
 10877 | Lair:1   | XOM: divination: detect items
 10918 | Lair:1   | XOM: swap monsters
 10924 | Lair:1   | Reached skill level 11 in Fighting
 11502 | Lair:2   | Found a staircase to the Snake Pit.
 11531 | Lair:2   | Found a staircase to the Swamp.
 11635 | Lair:2   | XOM: 2-stop teleportation journey
 12034 | Lair:2   | You fall into a shaft and drop 1 floor!
 12545 | Lair:3   | Noticed Nergalle
 12555 | Lair:3   | Killed Nergalle
 12584 | Lair:3   | XOM: noise
 12604 | Lair:3   | Reached XP level 14. HP: 114/124 MP: 21/21
 12708 | Lair:3   | Reached skill level 10 in Invocations
 12806 | Lair:3   | XOM: polymorph komodo dragon -> redback
 13719 | Lair:4   | Lost mutation: You occasionally shout uncontrollably at
                  | your foes. [potion of mutation]
 13719 | Lair:4   | Lost mutation: Your body often deteriorates upon taking
                  | damage. [potion of mutation]
 13719 | Lair:4   | Gained mutation: Your spells are a little easier to cast,
                  | but a little less powerful. [potion of mutation]
 13720 | Lair:4   | Lost mutation: Your spells are a little easier to cast, but
                  | a little less powerful. [potion of mutation]
 13720 | Lair:4   | Lost mutation: Your body sometimes deteriorates upon taking
                  | damage. [potion of mutation]
 13720 | Lair:4   | Gained mutation: Your muscles are strong. (Str +2) [potion
                  | of mutation]
 13720 | Lair:4   | Lost mutation: Your muscles are strong. (Str +2) [potion of
                  | mutation]
 13720 | Lair:4   | Gained mutation: You have large cloven feet. [potion of
                  | mutation]
 13727 | Lair:4   | Lost mutation: You have large cloven feet. [potion of
                  | mutation]
 13727 | Lair:4   | Gained mutation: You possess an exceptional clarity of
                  | mind. [potion of mutation]
 13727 | Lair:4   | Lost mutation: You possess an exceptional clarity of mind.
                  | [potion of mutation]
 13727 | Lair:4   | Gained mutation: You are agile. (Dex +2) [potion of
                  | mutation]
 13806 | Lair:4   | Reached skill level 10 in Shields
 13821 | Lair:4   | Reached skill level 12 in Fighting
 14427 | Lair:5   | XOM: chaos cloud
 14714 | Lair:5   | Reached skill level 5 in Dodging
 14736 | Lair:5   | Reached XP level 15. HP: 44/134 MP: 23/23
 14925 | Lair:5   | XOM: summons 4 hostile shadow creatures
 14999 | Lair:5   | XOM: give mutation
 14999 | Lair:5   | Lost mutation: You are agile. (Dex +2) [Xom's mischief]
 14999 | Lair:5   | Was forgiven by Xom
 15585 | Lair:6   | Entered Level 6 of the Lair of Beasts
 15589 | Lair:6   | Found a viscous altar of Jiyva.
 15589 | Lair:6   | Found a staircase to the Slime Pits.
 15963 | Lair:6   | Reached skill level 13 in Fighting
 16167 | Lair:6   | Reached ****** piety under the Shining One
 17545 | Orc:2    | Entered Level 2 of the Orcish Mines
 17546 | Orc:2    | Found a staircase to the Elven Halls.
 17786 | Orc:2    | Reached XP level 16. HP: 116/144 MP: 25/25
 17927 | Orc:2    | Found Datykeh's Antique Armour Shop.
 17928 | Orc:2    | Found Mapeoddo's Antique Weapon Shop.
 17930 | Orc:2    | Found Zynine's General Store.
 17930 | Orc:2    | Found Tippaoq's Book Boutique.
 18064 | Orc:2    | Noticed Maurice
 18076 | Orc:2    | Killed Maurice
 18449 | D:13     | Found Nedoir's Firing Range.
 18496 | D:13     | Noticed Snorg
 18508 | D:13     | Killed Snorg
 18566 | D:13     | Found a gate to the Vaults.
 18720 | D:13     | Reached skill level 14 in Fighting
 18723 | D:13     | Noticed Urug
 18736 | D:13     | Killed Urug
 19092 | D:14     | Noticed Kirke
 19113 | D:14     | Killed Kirke
 19414 | D:14     | Found a roughly hewn altar of Beogh.
 19429 | D:14     | Found a runed translucent door.
 19429 | D:14     | Noticed Hipnos's ghost (journeyman DEIE)
 19467 | D:14     | Identified the +5 ring mail of Xymioqodots {Fly rC- Dex+4}
 19678 | D:14     | Killed Hipnos's ghost
 19703 | D:15     | Entered Level 15 of the Dungeon
 19724 | D:15     | Identified Roxanne's Compendium of Transmigration
 19724 | D:15     | Noticed Roxanne
 19766 | D:15     | Noticed Jorgrun
 19794 | D:15     | Killed Jorgrun
 19918 | D:15     | Found a flickering gateway to a bazaar.
 19929 | Bazaar   | Entered a bazaar
 19929 | Bazaar   | Found Kiheuden's Jewellery Emporium.
 19929 | Bazaar   | Found Gistren's Antique Armour Shoppe.
 19929 | Bazaar   | Found Keagomuoh's Weapon Emporium.
 19929 | Bazaar   | Found Cuytil's Assorted Antiques.
 20138 | D:15     | Noticed Nessos
 20142 | D:15     | Killed Nessos
 20218 | D:15     | Reached XP level 17. HP: 154/154 MP: 27/27
 20656 | D:15     | Noticed Rupert
 20670 | D:15     | Killed Rupert
 20692 | D:15     | Found a staircase to the Depths.
 20889 | Snake:1  | Entered Level 1 of the Snake Pit
 20949 | Snake:1  | Found a sparkling altar of Nemelex Xobeh.
 21024 | Snake:1  | Reached skill level 15 in Fighting
 21030 | Snake:1  | You fall into a shaft and drop 1 floor!
 21373 | Snake:2  | Noticed Mlioglotl
 21374 | Snake:2  | Noticed Aizul
 22024 | Orc:2    | Bought obsidian-encrusted gold dragon scales for 2210 gold
                  | pieces
 22024 | Orc:2    | Identified the +0 gold dragon scales of the Lute {rPois rF+
                  | rC+ Int+3} (You bought it in a shop on level 2 of the
                  | Orcish Mines)
 22479 | Snake:1  | Found Plog's Armour Shop.
 22771 | Snake:1  | Acquired a manual of Dodging
 23527 | Snake:2  | Found Osiqudysch's Assorted Antiques.
 23542 | Snake:2  | Killed Aizul
 23632 | Snake:2  | Killed Mlioglotl
 23794 | Snake:2  | Found a runed translucent door.
 24361 | Snake:3  | Reached skill level 16 in Fighting
 24367 | Snake:3  | Reached XP level 18. HP: 150/166 MP: 29/29
 24568 | Snake:3  | Found Ureyt's Weapon Emporium.
 24574 | Snake:3  | Found Asaegec's Jewellery Emporium.
 24574 | Snake:3  | Found Reareorhi's Distillery.
 24575 | Snake:3  | Found Rewkus's Jewellery Emporium.
 24815 | Snake:4  | Entered Level 4 of the Snake Pit
 24818 | Snake:4  | Noticed Asterion
 24837 | Snake:4  | Killed Asterion
 24838 | Snake:4  | Reached skill level 15 in Armour
 24838 | Snake:4  | Reached skill level 10 in Dodging
 25329 | Snake:4  | Noticed Vashnia
 25367 | Snake:4  | HP: 7/168 [naga sharpshooter/bolt (27)]
 25368 | Snake:4  | Killed Vashnia
 25873 | Snake:4  | Got a serpentine rune of Zot
 25888 | Snake:4  | Reached skill level 15 in Shields
 25918 | Snake:4  | Identified the +4 scale mail of Osumyloz {rF+ rN+ Stlth+}
 26073 | Snake:4  | Found Pojyo's Book Boutique.
 26074 | Snake:4  | Found Uckibaluev's Jewellery Shoppe.
 26075 | Snake:4  | Found Uryt's Book Boutique.
 26377 | Swamp:1  | Entered Level 1 of the Swamp
 26500 | Swamp:1  | Reached skill level 17 in Fighting
 27655 | Lair:3   | Acquired 1252 gold pieces
 27668 | Lair:3   | Identified a +5 broad axe of holy wrath (a +3 broad axe of
                  | electrocution blessed by the Shining One)
 27668 | Lair:3   | Received a gift from the Shining One
 27782 | Swamp:3  | Reached XP level 19. HP: 177/177 MP: 30/30
 27831 | Swamp:3  | Noticed Nikola
 27848 | Swamp:3  | Killed Nikola
 28357 | Swamp:4  | Entered Level 4 of the Swamp
 28522 | Swamp:4  | Paralysed by a hornet for 1 turns
 28617 | Swamp:4  | Got a decaying rune of Zot
 29312 | Elf:1    | Entered Level 1 of the Elven Halls
 29322 | Elf:1    | Reached skill level 18 in Fighting
 29951 | Snake:4  | Bought the ring "Uredain" {Ice rElec} for 468 gold pieces
 30276 | Elf:1    | Noticed Frances
 30289 | Elf:1    | Killed Frances
 31039 | Elf:2    | Reached XP level 20. HP: 160/189 MP: 31/31
 31410 | Elf:2    | Found a runed translucent gate.
 31411 | Elf:2    | Found a runed translucent gate.
 31411 | Elf:2    | Found a runed translucent gate.
 31855 | Elf:3    | Entered Level 3 of the Elven Halls
 32027 | Vaults:1 | Entered Level 1 of the Vaults
 32037 | Vaults:1 | Reached skill level 19 in Fighting
 32426 | Vaults:1 | Identified the +4 mace of Destruction {flame, Contam rPois
                  | Will+++ Str+4}
 33564 | Vaults:2 | Noticed Sojobo
 33566 | Vaults:2 | Noticed Boris
 33590 | Vaults:2 | Killed Boris
 33592 | Vaults:2 | Paralysed by an air elemental for 1 turns
 33602 | Vaults:2 | Killed Sojobo
 33736 | Vaults:2 | Identified the +1 pair of boots of Lilacs {rN+ Int+2}
 33759 | Vaults:2 | Noticed Xtahua
 33761 | Vaults:2 | Paralysed by Xtahua for 2 turns
 33771 | Vaults:2 | Killed Xtahua
 33786 | Vaults:2 | Found Ecyogemi's Jewellery Emporium.
 33863 | Vaults:2 | Reached XP level 21. HP: 187/200 MP: 32/32
 33865 | Vaults:2 | Paralysed by a sphinx for 4 turns
 33879 | Vaults:2 | Identified the +3 tower shield of Modesty {Str+4}
 33912 | Vaults:2 | Noticed Mara
 33923 | Vaults:2 | Killed Mara
 34274 | Vaults:2 | Found Pusul's Assorted Antiques.
 34341 | Vaults:2 | Reached skill level 20 in Fighting
 34480 | Vaults:2 | Paralysed by a sphinx for 7 turns
 34776 | Vaults:2 | Found Toplerev's Magic Scroll Emporium.
 34781 | Vaults:2 | Bought a scroll of acquirement for 676 gold pieces
 34781 | Vaults:2 | Bought a scroll of silence for 97 gold pieces
 34781 | Vaults:2 | Bought a scroll of enchant weapon for 97 gold pieces
 34781 | Vaults:2 | Bought a scroll of fear for 45 gold pieces
 34781 | Vaults:2 | Bought a scroll of blinking for 97 gold pieces
 34781 | Vaults:2 | Bought a scroll of enchant weapon for 97 gold pieces
 34781 | Vaults:2 | Bought a scroll of teleportation for 39 gold pieces
 34781 | Vaults:2 | Acquired the +10 tower shield of Ignorance {rN+ Int-4}
 34781 | Vaults:2 | Found the +10 tower shield of Ignorance {rN+ Int-4}
 34841 | Vaults:2 | Gained mutation: You have hidden genetic defects. [a
                  | shining eye]
 34968 | Vaults:3 | Reached skill level 15 in Dodging
 35264 | Vaults:3 | Gained mutation: Armour fits poorly on your strangely
                  | shaped body. [hidden defects]
 35283 | Vaults:3 | Lost mutation: You have hidden genetic defects. [potion of
                  | mutation]
 35283 | Vaults:3 | Lost mutation: Armour fits poorly on your strangely shaped
                  | body. [potion of mutation]
 35283 | Vaults:3 | Gained mutation: Armour fits poorly on your strangely
                  | shaped body. [potion of mutation]
 35283 | Vaults:3 | Gained mutation: You have a pair of small horns on your
                  | head. [potion of mutation]
 35283 | Vaults:3 | Gained mutation: You occasionally shout uncontrollably at
                  | your foes. [potion of mutation]
 35283 | Vaults:3 | Gained mutation: You passively dampen the noise of your
                  | surroundings. [potion of mutation]
 35284 | Vaults:3 | Lost mutation: You occasionally shout uncontrollably at
                  | your foes. [potion of mutation]
 35284 | Vaults:3 | Lost mutation: Armour fits poorly on your strangely shaped
                  | body. [potion of mutation]
 35284 | Vaults:3 | Lost mutation: You have a pair of small horns on your head.
                  | [potion of mutation]
 35284 | Vaults:3 | Gained mutation: Your spells are a little easier to cast,
                  | but a little less powerful. [potion of mutation]
 35355 | Vaults:3 | Found a staircase to the Crypt.
 35631 | Vaults:3 | Found Honk's Jewellery Boutique.
 35639 | Vaults:3 | Bought the amulet "Lebroc" {Reflect rC+ Regen+ Str+3 SH+5}
                  | for 754 gold pieces
 36627 | Vaults:4 | Reached XP level 22. HP: 211/211 MP: 33/33
 36839 | Vaults:4 | Noticed Boris
 36850 | Vaults:4 | Killed Boris
 36882 | Vaults:4 | Reached skill level 21 in Fighting
 37988 | Slime:1  | Entered Level 1 of the Pits of Slime
 38701 | Slime:2  | Gained mutation: You are occasionally teleported next to
                  | monsters. [a shining eye]
 38705 | Slime:2  | Lost mutation: You passively dampen the noise of your
                  | surroundings. [potion of mutation]
 38705 | Slime:2  | Lost mutation: You are occasionally teleported next to
                  | monsters. [potion of mutation]
 38705 | Slime:2  | Lost mutation: Your spells are a little easier to cast, but
                  | a little less powerful. [potion of mutation]
 38705 | Slime:2  | Gained mutation: You tend to lose your temper in combat.
                  | [potion of mutation]
 38705 | Slime:2  | Gained mutation: You have sharp fingernails. [potion of
                  | mutation]
 38885 | Snake:3  | Bought a potion of mutation for 136 gold pieces
 38885 | Snake:3  | Bought a potion of mutation for 136 gold pieces
 38885 | Snake:3  | Lost mutation: You tend to lose your temper in combat.
                  | [potion of mutation]
 38885 | Snake:3  | Gained mutation: Your muscles are strong. (Str +2) [potion
                  | of mutation]
 38885 | Snake:3  | Gained mutation: You have sharp toenails. [potion of
                  | mutation]
 38885 | Snake:3  | Gained mutation: Your muscles are very strong. (Str +4)
                  | [potion of mutation]
 39076 | Slime:2  | Gained mutation: Armour fits poorly on your strangely
                  | shaped body. [a shining eye]
 39084 | Slime:2  | Lost mutation: Armour fits poorly on your strangely shaped
                  | body. [potion of mutation]
 39321 | Slime:4  | Gained mutation: You occasionally shout uncontrollably at
                  | your foes. [a shining eye]
 39363 | Slime:5  | Entered Level 5 of the Pits of Slime
 39471 | Slime:5  | Found a viscous altar of Jiyva.
 39472 | Slime:5  | Noticed the Royal Jelly
 39472 | Slime:5  | Found the macabre finger necklace {rN+}
 39689 | Slime:5  | Killed the Royal Jelly
 39719 | Slime:5  | Reached XP level 23. HP: 132/222 MP: 19/34
 39719 | Slime:5  | Gained mutation: You frequently scream uncontrollably at
                  | your foes. [a shining eye]
 39727 | Slime:5  | Gained mutation: Your body sometimes deteriorates upon
                  | taking damage. [a shining eye]
 39768 | Slime:5  | Got a slimy rune of Zot
 39801 | Slime:5  | Identified the +2 short sword of Eternal Vigilance {freeze,
                  | rElec rC+ rN+++ Str-5}
 39830 | Slime:5  | Identified the amulet of Red Wine {Faith Str+2 Dex+3
                  | Stlth+}
 39855 | Slime:5  | Identified the +1 leather armour of Yroicsaebb {rN+ Regen+}
 39867 | Slime:5  | Lost mutation: Your body sometimes deteriorates upon taking
                  | damage. [potion of mutation]
 39867 | Slime:5  | Lost mutation: Your muscles are very strong. (Str +4)
                  | [potion of mutation]
 39867 | Slime:5  | Gained mutation: Your spells are a little harder to cast,
                  | but a little more powerful. [potion of mutation]
 39867 | Slime:5  | Gained mutation: Your muscles are very strong. (Str +4)
                  | [potion of mutation]
 40349 | Depths:1 | Entered Level 1 of the Depths
 40387 | Depths:1 | Reached skill level 22 in Fighting
 40499 | Depths:1 | Noticed a caustic shrike
 40520 | Depths:1 | Killed a caustic shrike
 40608 | Depths:1 | Found a one-way gate leading to the halls of Pandemonium.
 40648 | Depths:1 | Found Yrphem's Book Shop.
 40675 | Depths:1 | Identified the amulet "Inesmaask" {Faith rCorr Dex+3}
 40823 | Depths:1 | Found a white marble altar of Elyvilon.
 40879 | Depths:1 | Found the +2 Maxwell's thermic engine {flame, freeze}
 41088 | Depths:1 | Found a gateway to Hell.
 41391 | Depths:2 | Found a hide-covered altar of Uskayaw.
 41420 | Depths:2 | Identified the +7 tower shield of Gravitas {Rampage Str+3
                  | Stlth+}
 41796 | Depths:2 | Found a magical portal.
 41805 | WizLab   | Entered Lehudib's Moon Base
 42296 | WizLab   | Found a transporter.
 42441 | WizLab   | Reached XP level 24. HP: 234/234 MP: 34/34
 42454 | WizLab   | Found a transporter.
 42618 | WizLab   | Reached skill level 23 in Fighting
 42652 | WizLab   | Identified the +0 pair of gloves "Sacorch" {Regen+ Str+2
                  | SInv}
 42714 | WizLab   | Got Lehudib's Catalogue of the Rocks and Arcane Weapons
 43055 | Depths:2 | Identified the +3 pair of gloves of Sethaqag {rF+}
 43840 | Depths:3 | Found a one-way gate to the infinite horrors of the Abyss.
 44545 | Depths:4 | Entered Level 4 of the Depths
 44567 | Depths:4 | Noticed Boris
 44572 | Depths:4 | Noticed a caustic shrike
 44575 | Depths:4 | Noticed a caustic shrike
 44577 | Depths:4 | Noticed a caustic shrike
 44578 | Depths:4 | Noticed a caustic shrike
 44584 | Depths:4 | Gained mutation: Potions are less effective at restoring
                  | your health. [a cacodemon]
 44585 | Depths:4 | Killed a caustic shrike
 44596 | Depths:3 | Killed a caustic shrike
 44596 | Depths:3 | Killed a caustic shrike
 44597 | Depths:3 | Killed Boris
 44597 | Depths:3 | Killed a caustic shrike
 44842 | Depths:4 | Noticed Mennas
 44884 | Depths:4 | Killed Mennas
 45016 | Depths:4 | Reached XP level 25. HP: 245/245 MP: 34/34
 45049 | Depths:4 | Reached skill level 24 in Fighting
 45133 | Depths:4 | Found a gate to the Realm of Zot.
 45238 | Depths:4 | Found an ancient bone altar of Kikubaaqudgha.
 45254 | Depths:4 | Found a gateway to a ziggurat.
 46361 | Elf:3    | Identified the +2 leather armour of Disappointment {rCorr}
 46551 | Elf:3    | Identified the +6 short sword of Tuphomi {venom, rPois rF-
                  | Dex-2 SInv}
 46618 | Elf:3    | Identified the +1 chain mail "Xymuorra" {rElec MP+9 Str+2}
 46638 | Elf:3    | Identified the +7 halberd of the Scorching Wolf {elec, rF+
                  | Int+4}
 46642 | Elf:3    | Identified the +0 cloak of Inevitability {Regen+ Dex+3}
 46644 | Elf:3    | Got the Incunabulum of Enchanting Creation
 46646 | Elf:3    | Got An Early Guide to Wizardry
 46649 | Elf:3    | Cast into level 3 of the Abyss (a deep elf demonologist)
 46728 | Abyss:4  | Found a corrupted altar of Lugonu.
 46740 | Abyss:4  | Gained mutation: You are occasionally teleported next to
                  | monsters. [a neqoxec]
 46747 | Abyss:4  | Lost mutation: You have sharp toenails. [potion of
                  | mutation]
 46747 | Abyss:4  | Lost mutation: Potions are less effective at restoring your
                  | health. [potion of mutation]
 46747 | Abyss:4  | Lost mutation: You frequently scream uncontrollably at your
                  | foes. [potion of mutation]
 46747 | Abyss:4  | Gained mutation: Your system is resistant to poisons.
                  | (rPois) [potion of mutation]
 46747 | Abyss:4  | Gained mutation: You are agile. (Dex +2) [potion of
                  | mutation]
 46748 | Abyss:4  | Lost mutation: You occasionally shout uncontrollably at
                  | your foes. [potion of mutation]
 46748 | Abyss:4  | Lost mutation: You are agile. (Dex +2) [potion of mutation]
 46748 | Abyss:4  | Gained mutation: You have large cloven feet. [potion of
                  | mutation]
 46748 | Abyss:4  | Gained mutation: You have an increased reservoir of magic.
                  | (+10% MP) [potion of mutation]
 46749 | Abyss:4  | Lost mutation: Your spells are a little harder to cast, but
                  | a little more powerful. [potion of mutation]
 46749 | Abyss:4  | Lost mutation: You are occasionally teleported next to
                  | monsters. [potion of mutation]
 46751 | Abyss:5  | Entered Level 5 of the Abyss
 46908 | Abyss:5  | Gained mutation: You tend to lose your temper in combat. [a
                  | neqoxec]
 47001 | Elf:3    | Escaped the Abyss
 47018 | Elf:3    | Got Sif Muna's Tome of Fiery Stones
 47020 | Elf:3    | Identified the +2 ring mail "Ofivit" {Will+}
 47021 | Elf:3    | Identified the ring "Caclius" {rN+++ Will- MP-9 Int+6
                  | Dex+6}
 47040 | Elf:3    | Got Jycka's Compendium of Ghastly Confrontation
 47552 | Vaults:5 | Entered Level 5 of the Vaults
 47570 | Vaults:5 | Reached skill level 25 in Fighting
 47572 | Vaults:5 | Reached XP level 26. HP: 245/258 MP: 28/37
 47606 | Vaults:5 | Found the amulet of the Four Winds {rN+ Will+++ Clar}
 47794 | Vaults:5 | Noticed a dread lich
 47813 | Vaults:5 | Killed a dread lich
 48250 | Vaults:5 | Identified the ring of Laramoru {rPois MP+9 Dex+3}
 48300 | Vaults:5 | Found the amulet of Vitality {Regen+ HP+15}
 48390 | Vaults:5 | Got a silver rune of Zot
 48629 | Vaults:5 | Noticed an ancient lich
 48638 | Vaults:5 | Killed an ancient lich
 48832 | Vaults:5 | Got the Incunabulum of Unstable Stones
 49036 | Vaults:5 | Identified the +6 battleaxe of Honour {vamp, Will+}
 49388 | Depths:4 | Voluntarily entered the Abyss.
 49462 | Abyss:1  | Found an iron altar of Okawaru.
 49661 | Abyss:1  | Paralysed by accursed screaming for 1 turns
 49804 | Abyss:4  | Noticed an ancient lich
 49818 | Abyss:4  | Killed an ancient lich
 49825 | Abyss:4  | Got an abyssal rune of Zot
 49830 | Abyss:4  | Reached skill level 26 in Fighting
 49839 | Depths:4 | Escaped the Abyss
 49882 | Hell     | Entered the Vestibule of Hell
 49882 | Hell     | Noticed Geryon
 49906 | Hell     | Reached XP level 27. HP: 262/269 MP: 32/37
 49916 | Hell     | Killed Geryon
 50136 | Hell     | Found a gateway to the decaying netherworld of Tartarus.
 50182 | Hell     | Found a gateway to the ashen valley of Gehenna.
 50354 | Hell     | Found a gateway to the Iron City of Dis.
 50427 | Hell     | Found a gateway to the freezing wastes of Cocytus.
 50597 | Geh:1    | Entered Level 1 of Gehenna
 51508 | Geh:6    | Reached skill level 27 in Fighting
 51624 | Geh:7    | Entered Level 7 of Gehenna
 52190 | Geh:7    | Found the +7 sceptre of Asmodeus
 52190 | Geh:7    | Noticed Asmodeus
 52244 | Geh:7    | Killed Asmodeus
 52292 | Geh:7    | Identified the ring of Pauron Josus {rF+ rC+}
 52295 | Geh:7    | Got an obsidian rune of Zot
 52298 | Geh:7    | Identified the +5 short sword of Punishment {vorpal, *Rage
                  | rC+ rN+ Str+4}
 52514 | Coc:1    | Entered Level 1 of Cocytus
 52596 | Coc:1    | Noticed a juggernaut
 52612 | Coc:1    | Killed a juggernaut
 52725 | Coc:1    | Noticed a juggernaut
 52744 | Coc:1    | Killed a juggernaut
 52968 | Coc:2    | HP: 6/273 [elemental wellspring/torrent of water (22)]
 53482 | Coc:3    | Paralysed by a wendigo for 1 turns
 53498 | Coc:3    | Killed from afar by a wendigo

Illustrated notes

Levels and vault maps discovered:
D:1:      onia_arrival_mini_spirals, layout_basic, serial_shops,
          nicolae_shop_waterfront, minmay_tetromino_o2
D:2:      layout_loops_ring, chequers_ecumenical_altar_simple
D:3:      layout_basic, uniq_sigmund, uniq_jessica, uniq_crazy_yiuf_cottage
D:4:      old_forge, layout_loops_cross, trog_three_pillars_becter, minivault_5,
          uniq_grinder, uniq_menkaure
D:5:      kennysheep_big_flooded_room, layout_loops_ring,
          minmay_temple_entry_poolview, hellmonk_ghost_happy_afterlife,
          minmay_manual_moon, uniq_eustachio, uniq_prince_ribbit1
D:6:      layout_cave_pods, nicolae_ossuary_entry_plus,
          hangedman_abyss_or_decor_stagger
D:7:      layout_loops_ring, regret_index_temple_of_mockery,
          grunt_temple_overflow_open, hangedman_decor_peaks_small,
          minmay_misc_feat_columns, uniq_duvessa
D:8:      layout_loops_ring, enter_bailey_2, uniq_harold
D:9:      layout_loops_ring, serial_shops, nicolae_shop_overgrown_old_shop,
          kennysheep_nondescript
D:10:     layout_basic, orc_0_dummy
D:11:     minmay_ornate_pinched, layout_gridville, dpeg_oklobed_lair,
          uniq_josephine
D:12:     layout_loops_ring, lightli_wizard_tower, uniq_azrael
D:13:     layout_rooms, david_vaults_2, nicolae_shop_firing_range, uniq_urug,
          uniq_snorg
D:14:     layout_rooms, special_room [special_room_orc], nicolae_sextant,
          gammafunk_ghost_grave, uniq_kirke
D:15:     grunt_enter_depths_magical_seal, layout_loops_ring, serial_shops,
          bzr_firewalk, st_stairs_2, uniq_rupert, uniq_roxanne, uniq_nessos,
          uniq_jorgrun
Temple:   nicolae_temple_god_jail
Lair:1:   minmay_lair_oklob_chamber, layout_cellular_growth, basic_altar,
          nzn_masters_of_martial_movement, lemuel_fruit_fields,
          serial_bayou_shore_b, uniq_grum
Lair:2:   layout_loops_ring, skrybe_swamp_entry_bodies,
          minmay_snake_entry_six_corridors
Lair:3:   layout_small_grid, uniq_nergalle
Lair:4:   layout_hall_layers, beast_lair_carwin_8, grunt_megastairs_4
Lair:5:   regret_index_tunnel_blossom, layout_regular_city
Lair:6:   evilmike_catoblepas_cave, layout_hall_layers, slime_altar_1,
          minivault_11
Swamp:1:  layout_basic_swamp, evilmike_swamp_ruin_house_2
Swamp:2:  layout_basic_swamp, nicolae_swamp_treefoil
Swamp:3:  layout_basic_swamp, evilmike_swamp_ruin_rubble_1,
          infiniplex_staircase_pool, uniq_nikola
Swamp:4:  swamp_alternative, layout_basic_swamp, swamp_pool2,
          nicolae_swamp_fairy_circle, infiniplex_staircase_pool_2
Snake:1:  layout_layer_cave, basic_altar, nicolae_snake_squiggles,
          serial_bayou_lake_a, minmay_shop_star
Snake:2:  layout_misc_corridors, serial_shops, shop_statue, lightli_airlock,
          uniq_aizul, uniq_mlioglotl
Snake:3:  layout_cave_shapes, minmay_shop_grid_forest, drop_trap
Snake:4:  johnstein_snake_rune_scales, layout_cave_town, st_stairs_12,
          minmay_shop_grove, uniq_asterion
Slime:1:  layout_caves
Slime:2:  layout_caves
Slime:3:  layout_caves
Slime:4:  layout_caves
Slime:5
Orc:1:    layout_caves, abandoned_shop
Orc:2:    st_orc_congregation, layout_diamond_mine, uniq_maurice
Elf:1:    eino_elf_arrival_sip, layout_gridlike,
          hangedman_elven_crosses_minicolossus, uniq_frances
Elf:2:    nicolae_elf_blades_crystal_corner, layout_geoelf_grid
Elf:3:    elf_hall, layout_onion_city
Vaults:1: biasface_ghost_orc_armoury, vaults_room_grunt_arrival_ludios,
          ontoclasm_vaults_eye, nicolae_vaults_murderbox, v_alt_pattern_2,
          ontoclasm_vaults_loading_screen, ontoclasm_vaults_decontamination,
          nicolae_vaults_ring_of_whatevers, vaults_room_door_ring,
          nicolae_vaults_shelves_hall, layout_vaults_omnigrid
Vaults:2: v_rooms_6, dpeg_vaults_waves, ontoclasm_vaults_shuriken,
          grunt_vaults_hallway_long, v_misc_26, hangedman_vaults_snaps,
          v_misc_29, hangedman_vaults_nails, ontoclasm_vaults_ligature,
          v_rooms_2, layout_vaults_ring, serial_shops, nicolae_lakefront_shop,
          shop, shop, uniq_sojobo, uniq_xtahua, uniq_boris, uniq_mara
Vaults:3: dpeg_vaults_monster_box, ontoclasm_vaults_fault,
          minmay_crypt_entry_simple_corners, nicolae_vaults_three_branches,
          v_misc_4, vaults_dpeg_ring, grunt_vaults_funnel,
          layout_vaults_chaotic_city, serial_shops, nicolae_diamond_shop
Vaults:4: dpeg_vaults_monster_row, hangedman_vaults_capsules, v_misc_26,
          v_pattern_2, grunt_vaults_diagonal, nicolae_vaults_branching_niches,
          v_misc_27, nicolae_vaults_circle_grid_b, vaults_room_hallway,
          vaults_dpeg_hooks, layout_vaults_omnicross
Vaults:5
Depths:1: minmay_dotted_concentric_squares, layout_cave_pools,
          minmay_fountain_box, pan_entry, serial_shops, shop,
          pf_vacation_house_of_asmodeus, chequers_jeans, minmay_misc_feat_iff,
          corexii_corridor_pit, nicolae_elyvilon_temple_path, firewood_loft
Depths:2: regret_index_uskayaw_diablada_macabre, layout_cave_pools,
          mu_enter_wizlab_4, pan_entry, hell_entry,
          kennysheep_decorative_pillar, infiniplex_staircase_9_rooms
Depths:3: nicolae_cairo_tiling_large, layout_gridlike, minmay_misc_feat_rows,
          hangedman_abyss_entry_splay, grunt_hell_entry_dis_mu,
          rand_demon_pan_entry_7, nrook_mini_backslash,
          infiniplex_staircase_door_maze
Depths:4: evilmike_zot_entry_gauntlet, layout_cave_pools, enter_ziggurat_b,
          grunt_hell_entry_demonic_statue, abyss_entry_glasseish,
          kiku_gazebo_pond_becter, uniq_mennas
Hell
Geh:1:    nicolae_geh_erupted_tower, layout_gehenna_lava_caves
Geh:2:    layout_gehenna_pools_triple, nicolae_geh_lavax
Geh:3:    layout_gehenna_pools_box, lemuel_hellion_isle
Geh:4:    layout_gehenna_lava_caves
Geh:5:    layout_gehenna_pools_box
Geh:6:    layout_gehenna_lava_caves
Geh:7:    geh_grunt_pentagon
Coc:1:    nicolae_hells_titanomachy
Coc:2:    layout_ice_bergs
Coc:3:    nicolae_coc_bergin, layout_cocytus_delve

Skill      XL: |  1  2  3  4  5  6  7  8  9 10 11 12 13 14 15 16 17 18 19 20 21 22 23 24 25 26 27 |
---------------+----------------------------------------------------------------------------------+-----
Axes           | 3 4 5 6 7 9 10 12 13 15 16 17 18 19 | 19.9
Fighting       | 4 5 6 7 8 9 10 11 12 13 14 16 17 18 19 20 21 22 23 25 26 27 | 27.0
Throwing       | 1 2 3 4 |  4.3
Shields        | 4 5 6 7 8 9 10 11 12 14 15 16 17 18 19 20 21 22 23 25 | 25.0
Armour         | 4 5 6 7 8 9 10 11 12 13 14 16 17 18 19 20 21 22 23 24 26 | 26.0
Evocations     | 1 3 4 6 8 10 11 12 13 14 | 14.9
Invocations    | 2 5 7 8 9 11 12 14 | 14.8
Dodging        | 2 3 5 6 7 9 11 13 14 15 16 17 18 19 20 | 20.9

Action                   |  1- 3 |  4- 6 |  7- 9 | 10-12 | 13-15 | 16-18 | 19-21 | 22-24 | 25-27 || total
-------------------------+-------+-------+-------+-------+-------+-------+-------+-------+-------++-------
Melee: War axe           |   100 |   109 |   336 |   109 |       |       |       |       |       ||   654
       Unarmed           |       |       |     1 |       |       |       |       |       |       ||     1
       Broad axe         |       |       |       |   292 |   890 |  1069 |  1138 |  1364 |  1513 ||  6266
       Long sword        |       |       |       |     1 |       |       |       |       |       ||     1
       Scimitar          |       |       |       |       |    45 |    11 |     6 |       |     4 ||    66
Throw: Dart              |       |       |     5 |     2 |       |       |       |       |       ||     7
       Throwing net      |       |       |       |       |       |       |       |     2 |     1 ||     3
Invok: Divine Shield     |       |       |       |     6 |     5 |     6 |     7 |     8 |    20 ||    52
       Summon Divine War |       |       |       |       |     1 |     5 |     4 |     4 |    18 ||    32
       Cleansing Flame   |       |       |       |       |       |     9 |     6 |    12 |    48 ||    75
       Brand Weapon With |       |       |       |       |       |     1 |       |       |       ||     1
Evoke: Wand              |       |       |       |    33 |     1 |    21 |     7 |    14 |    15 ||    91
       Tin of tremorston |       |       |       |       |       |       |     1 |     4 |     2 ||     7
       Box of beasts     |       |       |       |       |       |       |       |     1 |       ||     1
  Use: Potion            |       |     1 |     2 |     3 |     4 |     8 |     2 |     9 |     3 ||    32
       Scroll            |       |       |     8 |    13 |    13 |    17 |     4 |     3 |     5 ||    63
 Stab: Sleeping          |       |     1 |       |       |       |       |       |       |       ||     1
Armor: Scale mail        |    55 |    48 |    24 |       |       |       |       |       |       ||   127
       Plate armour      |       |       |   135 |   212 |   372 |   193 |       |       |       ||   912
       Chain mail        |       |       |    15 |       |       |       |       |       |       ||    15
       Skin              |       |       |     7 |       |       |       |       |       |       ||     7
       Gold dragon scale |       |       |       |       |       |   221 |   369 |   336 |   543 ||  1469
Dodge: Dodged            |    51 |    47 |    73 |    82 |   184 |   223 |   176 |   216 |   308 ||  1360
Block: Buckler           |    26 |    31 |    31 |       |       |       |       |       |       ||    88
       Kite shield       |       |       |   177 |   260 |   424 |   255 |       |       |       ||  1116
       Tower shield      |       |       |       |       |       |   615 |  1036 |  1471 |  1853 ||  4975
       Reflection        |       |       |       |       |       |       |     8 |    58 |    28 ||    94

Table legend: (Time is in decaauts)
 A = Elapsed time spent in this place.
 B = Non-inter-level travel time spent in this place.
 C = Inter-level travel time spent in this place.
 D = Time resting spent in this place.
 E = Time spent auto-exploring this place.
 F = Levels seen in this place.
 G = Mean time per level.
                   A        B        C        D        E       F      G
               +--------+--------+--------+--------+--------+-----+--------+
         Total |  51837 |  45981 |   5856 |   3372 |  28041 |  71 |  730.1 |
       Dungeon |  13553 |  11626 |   1927 |    528 |   8362 |  15 |  903.5 |
        Temple |     72 |     64 |      8 |      0 |     24 |   1 |   72.0 |
          Lair |   7125 |   5765 |   1360 |    115 |   4430 |   6 | 1187.5 |
         Swamp |   2781 |   2447 |    334 |    191 |   1463 |   4 |  695.2 |
     Snake Pit |   5249 |   4699 |    550 |    590 |   2923 |   4 | 1312.2 |
    Slime Pits |   1665 |   1546 |    119 |    234 |    564 |   5 |  333.0 |
  Orcish Mines |   1012 |    794 |    218 |      0 |    510 |   2 |  506.0 |
   Elven Halls |   3231 |   3005 |    226 |    154 |   1921 |   3 | 1077.0 |
        Vaults |   6990 |   6435 |    555 |    395 |   4141 |   5 | 1398.0 |
        Depths |   4015 |   3683 |    332 |    183 |   2275 |   4 | 1003.8 |
          Hell |    783 |    697 |     86 |    173 |    315 |   1 |  783.0 |
       Gehenna |   1722 |   1597 |    125 |    161 |    235 |   7 |  246.0 |
       Cocytus |    984 |    971 |     13 |    459 |    139 |   3 |  328.0 |
         Abyss |    729 |    729 |      0 |      0 |    159 |   7 |  104.1 |
        Bazaar |     49 |     49 |      0 |      0 |      0 |   1 |   49.0 |
       Ossuary |    173 |    173 |      0 |      0 |    104 |   1 |  173.0 |
        Bailey |    742 |    742 |      0 |    129 |    239 |   1 |  742.0 |
        Wizlab |    954 |    954 |      0 |     59 |    233 |   1 |  954.0 |
               +--------+--------+--------+--------+--------+-----+--------+

Top non-repeatable levels by time:
 Snake:1: 1990 daAuts
Vaults:2: 1587 daAuts
 Snake:4: 1507 daAuts
  Lair:1: 1479 daAuts
Vaults:4: 1419 daAuts
Vaults:1: 1388 daAuts
Vaults:5: 1338 daAuts
  Lair:2: 1300 daAuts
    D:11: 1263 daAuts
Vaults:3: 1256 daAuts
   Elf:3: 1184 daAuts
Depths:3: 1157 daAuts
  Lair:5: 1129 daAuts
  Lair:4: 1126 daAuts
     D:1: 1104 daAuts
